 Dungeon Crawl Stone Soup version 0.16-a0-4092-gb8933cd (console) character file.

15012 MarvinPA the Nimble (level 11, -10/60 HPs)
             Began as a Spriggan Necromancer on Feb 24, 2015.
             Was an Initiate of Gozag.
             Mangled by Spolavi's ghost (15 damage)
             ... on level 3 of the Lair of Beasts.
             The game lasted 00:35:22 (15832 turns).

MarvinPA the Nimble (Spriggan Necromancer)         Turns: 15832, Time: 00:35:22

Health: -10/60     AC:  4    Str:  4    XL:     11   Next: 96%
Magic:  2/41       EV: 30    Int: 18    God:    Gozag
Gold:   2095       SH:  0    Dex: 26    Spells: 7 memorised, 11 levels left

rFire  + . .     SeeInvis +     a - +1 whip (elec)
rCold  + . .     Clarity  .     d - +0 robe
rNeg   . . .     SustAb   .     (shield restricted)
rPois  .         Gourm    +     (helmet restricted)
rElec  .         Spirit   .     J - +1 cloak
rCorr  .         Warding  .     (gloves unavailable)
rMut   .         Stasis   .     (boots unavailable)
MR     +....                    A - amulet "Pniulax" {Gourm rC+ Dex+7}
Stlth  +++++.....               L - ring of protection from fire
                                l - ring of magical power

@: very quick, somewhat resistant to hostile enchantments, quite stealthy
A: unfitting armour, see invisible, herbivore 3, speed 3, slow metabolism 2
a: Potion Petition, Call Merchant, Bribe Branch, Renounce Religion


You were on level 3 of the Lair of Beasts.
You worshipped Gozag.
Gozag was noncommittal.
You were not hungry.

You visited 2 branches of the dungeon, and saw 12 of its levels.

You collected 2236 gold pieces.
You paid 141 gold pieces to Gozag.


Innate Abilities, Weirdness & Mutations

You are tiny and cannot use many weapons and most armour.
You have supernaturally acute eyesight.
You are a herbivore.
You cover ground extremely quickly.
You need consume almost no food.


   Skills:
 - Level 8.8 Fighting
 - Level 5.3 Short Blades
 - Level 9.6 Dodging
 - Level 7.9 Stealth
 - Level 9.5 Spellcasting
 - Level 4.4 Hexes
 - Level 7.5 Charms
 - Level 7.4 Necromancy
 - Level 3.1 Translocations
 + Level 7.7 Evocations


You had 11 spell levels left.
You knew the following spells:

 Your Spells              Type           Power        Failure   Level  Hunger
a - Shroud of Golubria    Chrm/Tloc      ####......   1%          2    None
c - Spectral Weapon       Hex/Chrm       ####....     2%          3    None
g - Regeneration          Chrm/Necr      #####.....   1%          3    None
x - Vampiric Draining     Necr           #####.....   1%          3    None
z - Pain                  Necr           ####         1%          1    None
C - Song of Slaying       Chrm           #####...     1%          2    None
Z - Control Undead        Necr           #####.....   4%          4    ###....

Inventory:

Hand weapons
 a - a +1 whip of electrocution (weapon)
 b - a +0 rapier
Missiles
 B - 3 throwing nets {=f}
Armour
 d - a +0 robe (worn)
 J - a +1 cloak (worn)
Magical staves
 w - a staff of wizardry {!a}
Jewellery
 l - a ring of magical power (left hand)
 A - the amulet "Pniulax" (around neck) {Gourm rC+ Dex+7}
   (You found it on level 2 of the Lair of Beasts)

   [amulet of the gourmand]

   It allows you to eat raw meat even when not hungry.
   It affects your dexterity (+7).
   It protects you from cold.
 C - a ring of invisibility
 G - an amulet of resist mutation
 L - a ring of protection from fire (right hand)
Magical devices
 q - a wand of fire (0)
 y - a wand of fire (0)
 E - a wand of enslavement (10)
Scrolls
 e - 2 scrolls of remove curse
 f - 4 scrolls of blinking
 g - 3 scrolls of fog
 m - 6 scrolls of identify {@r1}
 n - 3 scrolls of teleportation {@r4}
 o - a scroll of enchant weapon
 s - 3 scrolls of fear
 t - a scroll of enchant armour
Potions
 h - 4 potions of curing {@q1}
 j - a potion of brilliance
 k - 2 potions of flight
 p - a potion of might
 v - a potion of haste {@q3}
 x - 2 potions of agility
 z - 3 potions of ambrosia {!q}
 D - a potion of magic
 F - 2 potions of restore abilities
 H - a potion of cancellation
 I - a potion of lignification {!q}
Books
 i - a Necronomicon {highlevel, unknown}
 r - a book of Battle
 u - a book of Necromancy
Comestibles
 c - 12 bread rations

Dungeon Overview and Level Annotations

Branches:
Dungeon (8/15)             Temple (0/1) D:7            Lair (4/8) D:8
  Swamp: Lair:3-6    Shoals: Lair:3-6     Snake: Lair:3-6    Spider: Lair:3-6

Altars:
Ashenzari
Dithmenos
Fedhas
Gozag
Kikubaaqudgha
Makhleb
Nemelex Xobeh
Okawaru
Qazlal
Ru
Yredelemnul
Zin
The Shining One

Annotations:
D:2 exclusion: oklob plant
Lair:3 Spolavi's ghost, powerful TrBe

##..# #.## ##.# #...##### #..#
### #.. ##.###..######.##
###.###### #..
##..........##..####....##.P# #..
...........................####.#
##(....P......f#...
#.....#.....##f.......P#........
#......#...###P...........###.##
#..........# ##.##....#.P##...##
#........#.# ###.W.......##..#.
##.P.....########.......#..##...


You could see a water moccasin (wandering) and Spolavi's ghost.


Message History

Aim: a death yak (severely wounded, chance 21%)
The death yak resists with almost no effort.
Unknown command.
You hit the death yak but do no damage.
There is a sudden explosion of sparks!
The death yak is moderately wounded.
Aiming: Vampiric Draining
Aim: a death yak (moderately wounded)
The death yak is heavily wounded.
You feel life coursing into your body. The death yak misses you.
Unknown command.
The death yak gores you.
Aiming: Pain
Aim: a death yak (severely wounded, chance 21%)
The death yak convulses in agony!
Unknown command.
Evoke which item? (* to show all) (? for menu, Esc to quit)
Okay, then.
Evoke which item? (* to show all) (? for menu, Esc to quit)
Zapping:
E - a wand of enslavement (will waste charges)
Aim: a death yak (heavily wounded, chance 6%)
Okay, then.
There is a stone staircase leading up here.
You climb upwards.
Level annotation: Spolavi's ghost, powerful TrBe Spolavi's ghost hits you!!
Ouch! That really hurt!
* * * LOW HITPOINT WARNING * * *
Spolavi's ghost hits you!
You die...
Your body crumbles into a pile of gold.

Action                   |  1- 3 |  4- 6 |  7- 9 | 10-12 || total
-------------------------+-------+-------+-------+-------++-------
Melee: Dagger            |    15 |     2 |       |       ||    17
       Whip              |       |       |   108 |   315 ||   423
       Short sword       |       |       |       |    39 ||    39
 Cast: Pain              |    95 |   108 |   248 |   142 ||   593
       Vampiric Draining |     3 |    28 |    68 |    73 ||   172
       Regeneration      |       |       |     1 |    24 ||    25
       Spectral Weapon   |       |       |       |    28 ||    28
       Shroud of Golubri |       |       |       |    21 ||    21
       Song of Slaying   |       |       |       |     9 ||     9
       Control Undead    |       |       |       |     8 ||     8
 Abil: Stop Singing      |       |       |       |     6 ||     6
Evoke: Wand              |       |       |     1 |     5 ||     6
  Use: Scroll            |       |       |    21 |     5 ||    26
       Potion            |       |       |       |     1 ||     1
 Stab: Sleeping          |       |       |     3 |     3 ||     6
       Distracted        |       |       |       |     5 ||     5
  Eat: Bread ration      |     1 |       |       |     1 ||     2
       Royal jelly       |       |       |     1 |       ||     1
       Fruit             |       |       |     5 |       ||     5

Vault maps used:
D:1:      lightli_arrival_noodles
D:2:      nicolae_dithmenos_shadow_blocks, minitemple, tgw_fedhas
D:3:      uniq_robin, uniq_jessica, uniq_iyjb
D:4:      yredelemnul_forgotten_temple_becter, lemuel_doored_altar,
          nicolae_overflow_crystal_walls, first_bread, uniq_pikel
D:5:      grunt_temple_overflow_forces_of_nature, okawaru_trees_2
D:6:      lemuel_round_altar
D:7:      minmay_temple_entry_overgrown, the_bakery
D:8:      erik_lair_orcish_takeover, serial_co_window_serial, co_window_cross_1,
          co_window_corner_a, co_window_corner_a, co_window_paths_a,
          co_window_paths_a, co_window_2corner, co_window_corner_b,
          co_window_unsneaky_path_a, co_window_of_opportunity_b,
          co_window_paths_c, co_window_unsneaky_path_a, glass_columns_b,
          basic_altar, nemelex_xobeh_ov_fountains_minmay, uniq_eustachio
Lair:2:   uniq_harold
Lair:3:   nicolae_lair_grove_arrangements
Lair:4:   uniq_snorg

Notes
Turn   | Place    | Note
--------------------------------------------------------------
     0 | D:1      | MarvinPA, the Spriggan Necromancer, began the quest for the Orb.
     0 | D:1      | Reached XP level 1. HP: 9/9 MP: 4/4
   729 | D:1      | Reached skill level 3 in Spellcasting
   992 | D:1      | Reached XP level 2. HP: 2/13 MP: 0/8
  2281 | D:1      | Reached skill level 4 in Necromancy
  2430 | D:1      | Reached XP level 3. HP: 12/16 MP: 11/11
  2577 | D:2      | Found a shadowy altar of Dithmenos.
  2843 | D:2      | Learned a level 3 spell: Vampiric Draining
  2847 | D:2      | Learned a level 3 spell: Regeneration
  3085 | D:2      | Reached skill level 4 in Spellcasting
  3234 | D:2      | Found a sacrificial altar of Ru.
  3236 | D:2      | Found a shattered altar of Ashenzari.
  3239 | D:2      | Found a burning altar of Makhleb.
  3522 | D:2      | Found a blossoming altar of Fedhas.
  3904 | D:2      | Noticed an oklob plant
  3971 | D:3      | Noticed Jessica
  3979 | D:2      | Reached XP level 4. HP: 17/21 MP: 15/15
  4092 | D:3      | Noticed Robin
  4268 | D:3      | Noticed Ijyb
  4277 | D:3      | Killed Ijyb
  4476 | D:3      | Reached XP level 5. HP: 19/24 MP: 18/18
  4553 | D:3      | Reached skill level 5 in Spellcasting
  4617 | D:3      | Killed Jessica
  4788 | D:3      | Reached skill level 5 in Necromancy
  4856 | D:3      | Killed Robin
  5287 | D:4      | Reached XP level 6. HP: 12/28 MP: 21/21
  5406 | D:4      | Found an ancient bone altar of Kikubaaqudgha.
  5412 | D:4      | Noticed an ogre
  5420 | D:4      | Killed an ogre
  5420 | D:4      | Reached skill level 6 in Spellcasting
  5560 | D:4      | Noticed Pikel
  5561 | D:4      | Noticed a slave
  5561 | D:4      | Noticed a slave
  5561 | D:4      | Noticed a slave
  5563 | D:4      | Noticed a slave
  5583 | D:4      | Killed a slave
  5598 | D:4      | Killed a slave
  5619 | D:4      | Killed a slave
  5637 | D:4      | Killed a slave
  5684 | D:4      | Killed Pikel
  5684 | D:4      | Reached skill level 7 in Spellcasting
  5684 | D:4      | Reached skill level 6 in Necromancy
  5684 | D:4      | Reached XP level 7. HP: 14/32 MP: 1/25
  5944 | D:4      | Found a basalt altar of Yredelemnul.
  6102 | D:4      | Found an opulent altar of Gozag.
  6121 | D:4      | Became a worshipper of Gozag Ym Sagoz the Greedy
  6290 | D:4      | Reached skill level 1 in Fighting
  6312 | D:4      | Reached skill level 4 in Dodging
  6595 | D:5      | Entered Level 5 of the Dungeon
  6673 | D:5      | Reached XP level 8. HP: 28/39 MP: 27/27
  6831 | D:5      | Reached skill level 2 in Fighting
  6831 | D:5      | Reached skill level 5 in Dodging
  7014 | D:5      | Found an iron altar of Okawaru.
  7122 | D:5      | Found a stormy altar of Qazlal.
  7122 | D:5      | Found a blossoming altar of Fedhas.
  7314 | D:6      | Reached skill level 6 in Dodging
  7444 | D:6      | Reached skill level 3 in Fighting
  7828 | D:6      | Reached skill level 7 in Dodging
  7889 | D:6      | Found a glowing silver altar of Zin.
  8118 | D:7      | Reached skill level 4 in Fighting
  8212 | D:7      | Reached skill level 8 in Dodging
  8348 | D:7      | Reached XP level 9. HP: 40/46 MP: 28/28
  8377 | D:7      | Reached skill level 4 in Stealth
  8553 | D:7      | Reached skill level 5 in Stealth
  8626 | D:7      | Reached skill level 5 in Fighting
  8858 | D:7      | Reached skill level 6 in Stealth
  9129 | D:7      | Reached skill level 7 in Stealth
  9182 | D:7      | Found a staircase to the Ecumenical Temple.
  9429 | D:8      | Noticed Eustachio
  9446 | D:7      | Killed Eustachio
  9590 | D:8      | Found a sparkling altar of Nemelex Xobeh.
  9598 | D:8      | Reached skill level 1 in Charms
  9677 | D:8      | Reached skill level 6 in Fighting
  9777 | D:8      | Found a glowing golden altar of the Shining One.
  9824 | D:8      | Reached skill level 2 in Charms
  9829 | D:8      | Reached skill level 3 in Charms
  9839 | D:8      | Reached skill level 4 in Charms
 10182 | D:8      | Reached skill level 5 in Charms
 10182 | D:8      | Reached XP level 10. HP: 33/53 MP: 19/29
 10535 | D:8      | Learned a level 2 spell: Shroud of Golubria
 10539 | D:8      | Learned a level 3 spell: Spectral Weapon
 10570 | D:8      | Reached skill level 7 in Fighting
 10793 | D:8      | Reached skill level 6 in Charms
 10934 | D:8      | Found a staircase to the Lair.
 10938 | D:8      | Learned a level 2 spell: Song of Slaying
 10958 | D:8      | Reached skill level 1 in Translocations
 11461 | Lair:1   | Entered Level 1 of the Lair of Beasts
 11461 | Lair:1   | Noticed a black mamba
 11472 | Lair:1   | Killed a black mamba
 11472 | Lair:1   | Reached skill level 8 in Spellcasting
 11472 | Lair:1   | Reached skill level 1 in Hexes
 11472 | Lair:1   | Reached skill level 2 in Translocations
 11559 | Lair:1   | Reached skill level 3 in Translocations
 11563 | Lair:1   | Reached skill level 2 in Hexes
 11705 | Lair:1   | Noticed a black mamba
 11723 | Lair:1   | Killed a black mamba
 11723 | Lair:1   | Reached skill level 2 in Short Blades
 11840 | Lair:1   | Reached skill level 1 in Evocations
 11978 | Lair:1   | Reached skill level 3 in Short Blades
 11978 | Lair:1   | Reached skill level 2 in Evocations
 12187 | Lair:1   | Reached skill level 3 in Evocations
 12638 | Lair:2   | Got a shimmering bronze amulet
 12639 | Lair:2   | Identified the amulet "Pniulax" {Gourm rC+ Dex+7} (You found it on level 2 of the Lair of Beasts)
 12640 | Lair:2   | ok
 12690 | Lair:2   | Noticed Harold
 12709 | Lair:2   | Killed Harold
 12709 | Lair:2   | Reached skill level 4 in Short Blades
 12709 | Lair:2   | Reached skill level 5 in Evocations
 12941 | Lair:2   | Reached skill level 5 in Short Blades
 12941 | Lair:2   | Reached skill level 6 in Evocations
 12965 | Lair:2   | Noticed toofou's ghost (powerful MiBe)
 13044 | Lair:2   | Killed toofou's ghost
 13044 | Lair:2   | Reached skill level 9 in Dodging
 13044 | Lair:2   | Reached XP level 11. HP: 46/58 MP: 23/31
 13812 | Lair:3   | Noticed jclain's ghost (powerful MiBe)
 13875 | Lair:3   | HP: 2/58 [jclain's ghost (44)]
 14376 | Lair:3   | Reached skill level 8 in Fighting
 14376 | Lair:3   | Reached skill level 9 in Spellcasting
 14397 | Lair:3   | HP: 6/60 [something (5)]
 14599 | Lair:3   | Noticed Spolavi's ghost (powerful TrBe)
 14775 | Lair:3   | Learned a level 4 spell: Control Undead
 14812 | Lair:3   | Reached skill level 3 in Hexes
 15052 | Lair:3   | Killed jclain's ghost
 15395 | Lair:4   | Reached skill level 4 in Hexes
 15408 | Lair:4   | Reached skill level 7 in Necromancy
 15630 | Lair:4   | Noticed a death yak
 15631 | Lair:4   | Noticed a death yak
 15631 | Lair:4   | Noticed a death yak
 15647 | Lair:4   | Noticed a death yak
 15789 | Lair:4   | Killed a death yak
 15789 | Lair:4   | Reached skill level 7 in Charms
 15797 | Lair:4   | Killed a death yak
 15797 | Lair:4   | Reached skill level 7 in Evocations
 15832 | Lair:3   | HP: 5/60 [Spolavi's ghost (35)]
 15832 | Lair:3   | Mangled by Spolavi's ghost

Vanquished Creatures
  The ghost of toofou the Basher, a powerful MiBe of Trog (Lair:2)
  Harold (Lair:2)
  2 death yaks (Lair:4)
  Pikel (D:4)
  2 black mambas (Lair:1)
  4 elephants (Lair:3)
  4 spiny frogs
  A komodo dragon (Lair:1)
  2 fire drakes
  A spriggan (D:7)
  2 basilisks
  A hungry ghost (D:8)
  Eustachio (D:7)
  6 yaks
  4 hippogriffs
  A steam dragon (Lair:3)
  4 wolves (Lair:4)
  6 water moccasins
  2 porcupines
  2 wargs (D:8)
  4 slaves (D:4)
  3 sky beasts
  A black bear (D:8)
  2 ice beasts
  An orc warrior (D:8)
  2 phantoms
  2 ogres
  2 centaurs
  A crocodile (D:8)
  5 giant frogs
  A wyvern skeleton (D:8)
  5 killer bees (D:7)
  5 scorpions
  An electric eel (D:8)
  2 goliath beetles (D:8)
  A crimson imp (D:5)
  A centaur zombie (D:8)
  A quasit (D:8)
  6 orc wizards
  2 hounds
  2 jellies
  7 worker ants
  7 iguanas
  4 orc priests
  Ijyb (D:3)
  Jessica (D:3)
  Robin (D:3)
  15 adders
  26 river rats
  A giant mite (D:8)
  A worm (D:6)
  2 adder skeletons
  6 giant geckos
  6 oozes
  27 orcs
  4 ball pythons
  17 goblins
  17 hobgoblins
  6 jackals
  3 quokkas
  20 bats
  5 giant cockroaches
  A giant gecko skeleton (D:5)
  A giant gecko zombie (D:5)
  8 giant newts
  A giant spore (D:6)
  13 kobolds
  A quokka skeleton (D:5)
  A quokka zombie (D:5)
  6 rats
  A spectral orc (D:4)
  A ballistomycete (D:6)
309 creatures vanquished.

Vanquished Creatures (collateral kills)
  The ghost of jclain the Severer, a powerful MiBe of Trog (Lair:3)
  A boring beetle (Lair:3)
2 creatures vanquished.

Vanquished Creatures (others)
  6 spectral weapons
  A plant (Lair:4)
7 creatures vanquished.

Grand Total: 318 creatures vanquished
